 Dungeon Crawl Stone Soup version 0.14-a0-1761-gdbd231b (webtiles) character file.

420 HollowCharge the Skirmisher (level 5, -3/46 HPs)
             Began as a Demigod Warper on Jan 4, 2014.
             Killed by divine providence
             ... invoked by an orc priest
              (15 damage)
             ... on Level 4 of the Dungeon.
             The game lasted 00:24:24 (4053 turns).

HollowCharge the Skirmisher (Demigod Warper)        Turns: 4053, Time: 00:24:25

HP  -3/46        AC  8     Str 15      XL: 5   Next: 84%
MP  10/10        EV 13     Int 17      God:
Gold 128         SH  0     Dex 17      Spells:  4 memorised,  0 levels left

rFire  + . .     SeeInvis .     A - +1,+0 elf falchion
rCold  x . .     Clarity  .     C - +1 robe
rNeg   . . .     Conserve .     (no shield)
rPois  +         rCorr    .     q - +1 wizard hat
rElec  .         rRot     .     w - +2 dwarf cloak {rPois}
SustAb . .       Spirit   .     b - +0 pair of gloves
rMut   +         Warding  .     (no boots)
Saprov . . .     Stasis   .     h - amulet of resist mutation
                                k - ring of flight
                                i - ring of fire

@: slightly resistant to hostile enchantments, unstealthy
A: no striking features
a: Evoke Flight


You were on level 4 of the Dungeon.
You were not hungry.

You visited 1 branch of the dungeon, and saw 6 of its levels.

You collected 185 gold pieces.
You spent 57 gold pieces at shops.

Inventory:

Hand weapons
 a - a +0,+0 falchion
 A - a +1,+0 elven falchion (weapon)
Missiles
 e - 15 darts (quivered)
 f - 10 darts of dispersal
Armour
 b - a +0 pair of gloves (worn)
 q - a +1 wizard hat (worn)
 v - a +1 dwarven ring mail
 w - a +2 dwarven cloak of poison resistance (worn)
 C - a +1 robe (worn)
Magical devices
 x - a wand of slowing (20) {unknown}
Comestibles
 g - 4 bread rations
 j - a royal jelly
 n - a banana
 r - 3 meat rations
 H - 2 apples
 I - a chunk of rat flesh
Scrolls
 d - 2 scrolls of blinking
 l - 2 scrolls of enchant weapon II
 s - 2 scrolls of recharging
 u - a scroll of enchant weapon I
 y - 2 scrolls of remove curse {unknown}
 E - 2 scrolls of magic mapping
Jewellery
 h - an amulet of resist mutation (around neck)
 i - a ring of fire (left hand)
 k - a ring of flight (right hand)
Potions
 m - a potion of brilliance {unknown}
 o - 2 potions of agility
 p - 2 potions of restore abilities
 B - a potion of might {unknown}
 D - 2 potions of lignification {unknown}
Books
 c - a book of Spatial Translocations

   Spells                             Type                      Level
   *Apportation                       Translocation                1
   *Portal Projectile                 Translocation                2
   *Blink                             Translocation                2
   *Shroud of Golubria                Charms/Translocation         2
   Teleport Other                     Translocation                3
   Passage of Golubria                Translocation                4
 z - a book of Battle

   Spells                             Type                      Level
   Infusion                           Charms                       1
   *Shroud of Golubria                Charms/Translocation         2
   Song of Slaying                    Charms                       2
   Spectral Weapon                    Hexes/Charms                 3
   Regeneration                       Charms/Necromancy            3


   Skills:
 * Level 4.0 Fighting
 * Level 3.8 Long Blades
 - Level 0.8 Throwing
 - Level 1.1 Armour
 + Level 2.8 Dodging
 - Level 1.7 Spellcasting
 - Level 2.6 Translocations


You couldn't memorise any spells.
You knew the following spells:

 Your Spells              Type           Power        Failure   Level  Hunger
a - Apportation           Tloc           ##........   10%         1    #......
b - Blink                 Tloc           N/A          12%         2    ###....
c - Shroud of Golubria    Chrm/Tloc      #.........   21%         2    ###....
d - Portal Projectile     Tloc           ##....       12%         2    ###....


Dungeon Overview and Level Annotations

Branches:
Dungeon (6/16)
 Temple: D:4-7

Shops:
D:5 *

Portals:
Ossuary: D:5

Annotations:
D:3 Nicoed's ghost, average MiBe
D:4 Eustachio


Message History

The orc priest utters an invocation to Beogh.
You feel troubled. The orc hits you with an orcish dagger.
* * * LOW HITPOINT WARNING * * *
You hit the orc.
The orc is lightly wounded.
The orc priest's eyes start to glow.
The orc hits you but does no damage.
You closely miss the orc.
The orc is lightly wounded.
The orc hits you but does no damage.
You hit the orc but do no damage.
The orc is lightly wounded.
The orc misses you.
Some of the chunks of flesh in your inventory have completely rotted away.
You barely miss the orc.
The orc is lightly wounded.
The orc hits you but does no damage.
The orc priest calls down the wrath of Beogh upon you.
Something smites you!
You die...

###.##### ... #.......#
#.....# #....(..###
#.....# #.........#
#.....# #.......#.#
##.)... #.......# .
..... #.......# .o.
#....<..# #o# #
##.###### #@# # #....#
#.# .# . ####.#### #.# .
# #.......#######.#####
#.##
#..............(....#
#.#.
#.......########.##....#
.. #.. #.....).# .# #.
.###. #.......# .# .#..
#(......# .# # #.#.


You could see an orc priest and an orc.

Vanquished Creatures
  A crimson imp (D:5)
  A giant frog zombie (D:5)
  2 worker ants (D:4)
  6 adders
  A giant mite (D:2)
  2 worms (D:5)
  An iguana zombie (D:3)
  An iguana skeleton (D:5)
  2 giant eyeballs
  5 giant geckos
  An ooze (D:4)
  6 orcs
  A bat zombie (D:5)
  A giant cockroach (D:4)
  7 goblins
  7 hobgoblins
  3 ball pythons
  8 bats
  3 giant newts
  11 kobolds
  3 quokkas
  12 rats
85 creatures vanquished.

Notes
Turn   | Place    | Note
--------------------------------------------------------------
     0 | D:1      | HollowCharge, the Demigod Warper, began the quest for the Orb.
     0 | D:1      | Reached XP level 1. HP: 17/17 MP: 3/3
   139 | D:1      | Reached skill level 1 in Armour
   342 | D:1      | Reached XP level 2. HP: 21/24 MP: 4/4
  1408 | D:2      | Learned a level 2 spell: Blink
  1796 | D:2      | Reached XP level 3. HP: 26/30 MP: 7/7
  1865 | D:3      | Noticed Nicoed's ghost (average MiBe)
  2056 | D:3      | Reached skill level 3 in Fighting
  2472 | D:3      | Paralysed by a giant eyeball for 4 turns
  2541 | D:3      | Reached XP level 4. HP: 31/38 MP: 9/9
  2675 | D:3      | You fall through a shaft for 3 floors!
  2707 | D:5      | Entered Level 5 of the Dungeon
  2761 | D:4      | Noticed Eustachio
  2914 | D:5      | Reached XP level 5. HP: 33/46 MP: 10/10
  3044 | D:5      | Learned a level 2 spell: Shroud of Golubria
  3047 | D:5      | Learned a level 2 spell: Portal Projectile
  3159 | D:5      | Found Qeagger's Assorted Antiques.
  3175 | D:5      | Bought a wizard hat for 57 gold pieces
  3210 | D:5      | Found a sand-covered staircase.
  3251 | D:5      | Paralysed by a giant eyeball for 3 turns
  3257 | D:5      | Paralysed by a giant eyeball for 3 turns
  3450 | D:5      | Found a sparkling altar of Nemelex Xobeh.
  3988 | D:4      | Reached skill level 4 in Fighting
  4053 | D:4      | Killed from afar by an orc priest

Action                   |  1- 3 |  4- 6 || total
-------------------------+-------+-------++-------
Melee: Falchion          |   139 |   242 ||   381
  Use: Scroll            |     6 |     1 ||     7
       Potion            |       |     2 ||     2
